 Dungeon Crawl Stone Soup version 0.32-a0-975-g85d4e5bfdb (webtiles) character file.

Game seed: 2794064039861443035

7 ipx the Chopper (level 1, -1/16 HPs)
             Began as a Demonspawn Gladiator on Apr 19, 2024.
             Slain by a quokka (4 damage)
             ... on level 1 of the Dungeon.
             The game lasted 00:02:17 (152 turns).

ipx the Chopper (Demonspawn Gladiator)               Turns: 152, Time: 00:02:17

Health: -1/16      AC:  4    Str: 14    XL:     1   Next: 83%
Magic:  1/1        EV: 11    Int:  8    God:
Gold:   1          SH:  0    Dex: 14    Spells: 0/0 levels left

rFire   . . .        a - +0 war axe
rCold   . . .        (no shield)
rNeg    . . .        b - +0 leather armour
rPois   .            c - +0 helmet
rElec   .            (no cloak)
rCorr   .            (no gloves)
SInv    .            (no boots)
Will    .....        (no amulet)
Stlth   +            (no ring)
HPRegen 0.22/turn    (no ring)
MPRegen 0.07/turn

%: no passive effects
@: no status effects
A: no striking features
a: no special abilities


You were on level 1 of the Dungeon.
You visited 1 branch of the dungeon, and saw 1 of its levels.

You collected 29 gold pieces.
You spent 28 gold pieces at shops.

Inventory:

Hand Weapons
 a - a +0 war axe (weapon)
Missiles
 d - 3 throwing nets (quivered)
 e - a javelin
Armour
 b - a +0 leather armour (worn)
 c - a +0 helmet (worn)
Scrolls
 f - a scroll of silence {unknown}
 g - 3 scrolls of enchant weapon


   Skills:
 - Level 2.0 Fighting
 + Level 3.1 Axes
 - Level 1.7 Throwing
 - Level 2.6 Dodging


You couldn't memorise any spells.
You didn't know any spells.
Your spell library was empty.

Dungeon Overview and Level Annotations

Branches:
Dungeon (1/15)

Altars:

Shops:
D:1 *


Message History

A faded altar of an unknown god.
There is a huge open gate here.
There is a faded altar of an unknown god here.
This altar belongs to (a) Fedhas, (b) Hepliaklqana or (c) Xom, but you can't tell which.
Press the corresponding letter to learn more about a god, or press enter to convert or escape to cancel.
Okay, then.
Unknown command.
Press < or > to pray at altars.
A giant cockroach comes into view.
There is a huge open gate here.
There is a huge open gate here.
You barely miss the giant cockroach.
The giant cockroach closely misses you. x2
You slash the giant cockroach!
You kill the giant cockroach!
Found a robe and a hand axe.
A ball python comes into view.
Found a mace and a book of Weapons.
The ball python hisses angrily.
A quokka comes into view.
The quokka moves out of view.
The ball python is engulfed in blazing flames.
The ball python dies!
You are engulfed in blazing flames.
Ouch! That really hurt!
* * * LOW HITPOINT WARNING * * *
A goblin comes into view. It is wielding a +0 club.
The goblin is engulfed in blazing flames.
The goblin dies!
The quokka barely misses you.
You hit the quokka.
The quokka is lightly wounded.
The quokka bites you. The quokka misses you.
You closely miss the quokka.
The quokka is lightly wounded.
The quokka closely misses you.
You barely miss the quokka.
The quokka is lightly wounded.
The quokka bites you.
* * * LOW HITPOINT WARNING * * *
The quokka bites you.
You die...

#.'''''.#.#
#.''_''...#
#.'''''.###
#.'''''##
###..†.##
......#..####
.###.###....#
##.....##r#
#...#####@#
#☼°°# #.#
#○☼§# #.#
#§§†# #.#
#...#####.#
..[...§§..#
§..)...○☼..#
○§.:.)..§○.##
###...######


You could see a quokka.

Vanquished Creatures
  2 giant cockroaches (D:1)
  A bat (D:1)
  5 rats (D:1)
8 creatures vanquished.

Vanquished Creatures (others)
  A ball python (D:1)
  A goblin (D:1)
2 creatures vanquished.

Grand Total: 10 creatures vanquished

Notes
Turn   | Place    | Note
-------+----------+-------------------------------------------
     0 | D:1      | ipx the Demonspawn Gladiator began the quest for the Orb.
     0 | D:1      | Reached XP level 1. HP: 16/16 MP: 1/1
    50 | D:1      | Reached skill level 3 in Axes
    74 | D:1      | Found Hoamoim's General Store.
    81 | D:1      | Bought a scroll of identify for 28 gold pieces
   108 | D:1      | Found a faded altar of an unknown god.
   152 | D:1      | Slain by a quokka

Illustrated notes

Levels and vault maps discovered:
D:1:      dpeg_arrival_ratfight, layout_loops_ring, serial_shops, shop,
          serial_rivers, chequers_serial_rivers_micro_b,
          chequers_serial_rivers_large_b, chequers_serial_rivers_micro_c,
          chequers_serial_rivers_room_a, hellmonk_ecumenical_altar_heavens_door,
          lemuel_flame_loot_1

Skill      XL: |  1 |
---------------+----+-----
Axes           | 3 |  3.1
Fighting       | |  2.0
Throwing       | |  1.7
Dodging        | |  2.6

Action                     || total
---------------------------++-------
  Melee: War axe           ||    12
    Use: Scroll            ||     1
 Armour: Leather armour    ||     5
  Dodge: Dodged            ||     8

Table legend: (Time is in decaauts)
 A = Elapsed time spent in this place.
 B = Non-inter-level travel time spent in this place.
 C = Inter-level travel time spent in this place.
 D = Time resting spent in this place.
 E = Time spent auto-exploring this place.
 F = Levels seen in this place.
 G = Mean time per level.
                   A        B        C        D        E       F      G
               +--------+--------+--------+--------+--------+-----+--------+
         Total |    155 |    155 |      0 |      0 |      0 |   1 |  155.0 |
       Dungeon |    155 |    155 |      0 |      0 |      0 |   1 |  155.0 |
               +--------+--------+--------+--------+--------+-----+--------+

Top non-repeatable levels by time:
     D:1: 155 daAuts
